 Dungeon Crawl Stone Soup version 0.29-a0-231-g945431f764 (webtiles) character file.

Game seed: 4014913325397755456

104740 Colgate the Envoy of Void (level 16, -7/125 HPs)
             Began as a Formicid Abyssal Knight on Mar 1, 2022.
             Was a High Priest of Lugonu.
             Mangled by a skeletal warrior
             ... wielding a +0 dire flail
              (13 damage)
             ... on level 15 of the Dungeon.
             The game lasted 05:28:50 (51323 turns).

Colgate the Envoy of Void (FoAK)                   Turns: 51323, Time: 05:28:50

Health: -7/125     AC: 23    Str: 24    XL:     16   Next: 93%
Magic:  19/21      EV:  8    Int: 12    God:    Lugonu [*****.]
Gold:   329        SH:  5    Dex: 16    Spells: 15/15 levels left

rFire   x x .      SeeInvis +   a - +2 halberd (chaos)
rCold   + + .      Faith    .   t - +0 buckler
rNeg    + . .      Spirit   .   g - +0 plate armour {Will+}
rPois   .          Reflect  .   (helmet unavailable)
rElec   +          Harm     .   V - +2 cloak
rCorr   .          Rampage  .   N - +2 pair of gloves
Will    ++...                   Y - +0 pair of boots
Stlth   ..........              E - amulet "Aheqit" {rElec rN+ Regen+ MP-9 Dex+5}
HPRegen 1.10/turn               W - ring of ice
MPRegen 0.17/turn               u - ring of ice

@: no status effects
A: permanent stasis, dig shafts and tunnels, antennae 3, four strong arms
a: Dig, Shaft Self, Renounce Religion, Depart the Abyss, Bend Space, Banish,
Corrupt, Enter the Abyss


You were on level 15 of the Dungeon.
You worshipped Lugonu.
Lugonu was extremely pleased with you.
You visited 3 branches of the dungeon, and saw 23 of its levels.
You visited the Abyss 1 time.
You also visited: Sewer and Ossuary.

You collected 2131 gold pieces.
You spent 1802 gold pieces at shops.

Inventory:

Hand Weapons
 a - a +2 halberd of chaos (weapon)
 b - the +9 staff of Olgreb {rPois∞}
   (You found it on level 2 of the Dungeon)

   If the wielder is skilled in Evocations, they can envenom those struck by it,
   dealing poison damage which bypasses armour.
   It enhances your poison magic.
   It grants immunity to poison.
   It can be activated via the 'a'bility menu to radiate toxic energy, with
   effectiveness depending on Evocations skill.
 n - a +0 trident of flaming
Missiles
 w - 4 throwing nets {!f}
 y - 14 curare-tipped darts
 I - 9 javelins
Armour
 g - a +0 plate armour of willpower (worn)
 t - a +0 buckler (worn)
 N - a +2 pair of gloves (worn)
 V - a +2 cloak (worn)
 Y - a +0 pair of boots (worn)
Jewellery
 d - a +4 ring of evasion
 u - a ring of ice (right hand)
 v - a +4 ring of evasion
 E - the amulet "Aheqit" (around neck) {rElec rN+ Regen+ MP-9 Dex+5}
   (You acquired it on level 2 of the Orcish Mines)

   [amulet of regeneration]

   Dex:       It affects your dexterity (+5).
   rElec:     It insulates you from electricity.
   rN:        It protects you from negative energy.
   MP:        It affects your magic capacity (-9).
   Regen:     It increases your rate of health regeneration.
 K - a ring of fire
 L - a ring of poison resistance
 P - a ring of resist corrosion
 W - a ring of ice (left hand)
 X - a ring of fire
Wands
 f - a wand of digging (43) {@v3}
 q - a wand of acid (4) {@v1}
 B - a wand of iceblast (17) {@v2}
 J - a wand of flame (54)
 Q - a wand of charming (8)
 U - a wand of mindburst (16)
Scrolls
 c - 5 scrolls of fear
 e - 3 scrolls of silence
 i - 2 scrolls of holy word
 j - 2 scrolls of magic mapping {@r5}
 m - 2 scrolls of vulnerability
 o - 2 scrolls of fog
 z - 2 scrolls of immolation
 A - 6 scrolls of enchant weapon
 C - a scroll of summoning
 G - a scroll of torment
Potions
 k - 4 potions of heal wounds {@q2}
 l - 3 potions of lignification
 p - 2 potions of flight
 r - 9 potions of curing {@q1}
 s - a potion of cancellation
 x - 5 potions of might {@q3}
 D - 2 potions of brilliance
 F - 2 potions of invisibility
 H - 7 potions of attraction
 M - 3 potions of magic
 O - 4 potions of ambrosia
 R - 4 potions of mutation
 T - 2 potions of resistance {@q5}
Miscellaneous
 h - a phantom mirror
 S - a lightning rod (4/4)


   Skills:
 - Level 11.0 Fighting
 + Level 16.6 Polearms
 - Level 11.0 Armour
 - Level 3.1 Dodging
 - Level 4.0 Stealth
 - Level 5.1 Shields
 - Level 20.0 Invocations
 - Level 9.0 Evocations


You had 15 spell levels left.
You didn't know any spells.
Your spell library contained the following spells:

 Spells                   Type           Power      Damage    Failure   Level
 Animate Skeleton         Necr           0%         N/A       99%         1
 Apportation              Tloc           0%         N/A       99%         1
 Magic Dart               Conj           0%         1d3       99%         1
 Pain                     Necr           0%         1d4       99%         1
 Shock                    Conj/Air       0%         1d3       99%         1
 Slow                     Hex            0%         N/A       99%         1
 Summon Small Mammal      Summ           0%         N/A       99%         1
 Call Imp                 Summ           0%         N/A       99%         2
 Corpse Rot               Necr/Air       0%         N/A       99%         2
 Poisonous Vapours        Pois/Air       0%         N/A       99%         2
 Scorch                   Fire           0%         2d5       99%         2
 Searing Ray              Conj           0%         2d4       99%         2
 Call Canine Familiar     Summ           0%         N/A       100%        3
 Confusing Touch          Hex            0%         N/A       100%        3
 Conjure Flame            Conj/Fire      0%         6-21      100%        3
 Dazzling Flash           Conj/Hex       0%         N/A       100%        3
 Frozen Ramparts          Ice            0%         1d2       100%        3
 Lesser Beckoning         Tloc           0%         N/A       100%        3
 Mephitic Cloud           Conj/Pois/Air  0%         N/A       100%        3
 Ozocubu's Armour         Ice            0%         N/A       100%        3
 Portal Projectile        Hex/Tloc       0%         N/A       100%        3
 Tukima's Dance           Hex            0%         N/A       100%        3
 Vampiric Draining        Necr           0%         2d6       100%        3
 Airstrike                Air            0%         N/A       100%        4
 Cause Fear               Hex            0%         N/A       100%        4
 Dispel Undead            Necr           0%         3d6       100%        4
 Flame Wave               Conj/Fire      0%         2d4       100%        4
 Ice Form                 Ice/Tmut       0%         N/A       100%        4
 Leda's Liquefaction      Hex/Erth       0%         N/A       100%        4
 Passage of Golubria      Tloc           0%         N/A       100%        4
 Summon Ice Beast         Ice/Summ       0%         N/A       100%        4
 Agony                    Necr           0%         N/A       100%        5
 Freezing Cloud           Conj/Ice/Air   0%         6-21      100%        5
 Manifold Assault         Tloc           0%         N/A       100%        5
 Silence                  Hex/Air        0%         N/A       100%        5
 Yara's Violent Unravell  Hex/Tmut       0%         3d3       100%        5
 Death Channel            Necr           0%         N/A       100%        6
 Simulacrum               Ice/Necr       0%         N/A       100%        6
 Summon Cactus Giant      Summ           0%         N/A       100%        6
 Dragon Form              Tmut           0%         N/A       100%        7
 Ozocubu's Refrigeration  Ice            0%         4d5       100%        7
 Infestation              Necr           0%         N/A       100%        8
 Lehudib's Crystal Spear  Conj/Erth      0%         10d2      100%        8
 Dragon's Call            Summ           0%         N/A       100%        9
 Polar Vortex             Ice            0%         N/A       100%        9
 Blink                    Tloc           Unusable   N/A       N/A         2
 Swiftness                Air            Unusable   N/A       N/A         3

Dungeon Overview and Level Annotations

Branches:
Dungeon (15/15)            Temple (0/1) D:7            Lair (6/6) D:8
 Shoals (0/4) Lair:4       Spider (0/4) Lair:2        Slime (0/5) Lair:6
    Orc (2/2) D:11            Elf (0/3) Orc:2        Vaults (0/5) D:14
  Sewer (visited)         Ossuary (visited)
 Depths: D:15

Altars:
Cheibriados
Dithmenos
Wu Jian
The Shining One
Beogh
Jiyva

Shops:
D:13 [   Orc:1 :   Orc:2 ?=:([

Annotations:
D:2 hajaantumisloukku
D:12 2 hajaantumisloukkua
D:13 2 hajaantumisloukkua
D:15 hajaantumisloukku
Lair:1 hajaantumisloukku
Orc:1 hajaantumisloukku
Abyss:1 TheWayOfAllFlesh's ghost, journeyman DEFE


Innate Abilities, Weirdness & Mutations

You cannot be hasted, slowed, berserked, paralysed or teleported.
You can dig through walls and to a lower floor.
You have a pair of large antennae on your head. (SInv)
Your four strong arms can wield two-handed weapons with a shield.


Message History

The skeletal warrior hits you but does no damage.
You block the cyclops's attack.
You block the skeletal warrior's attack.
There is a dispersal trap, spattered with blood here.
The skeletal warrior barely misses you.
The skeletal warrior hits you but does no damage.
The cyclops enters a dispersal trap!
The skeletal warrior blinks! x6
You feel a strange sense of stasis.
The cyclops blinks!
Really walk into that dispersal trap?
You enter a dispersal trap!
The skeletal warrior blinks! x4
The cyclops blinks!
The skeletal warrior blinks!
The cyclops blinks!
You feel a strange sense of stasis.
The skeletal warrior hits you with a +0 halberd!
There is a dispersal trap, spattered with blood here.
The cyclops throws a large rock.
The large rock hits you!!
* * * LOW HITPOINT WARNING * * *
You block the skeletal warrior's attack.
Items here: ( )) †.
Really walk into that dispersal trap?
You enter a dispersal trap!
The skeletal warrior blinks!
The cyclops blinks!
The skeletal warrior blinks! x2; You feel a strange sense of stasis.
There is a dispersal trap, spattered with blood here.
Really walk into that dispersal trap?
You enter a dispersal trap!
The skeletal warrior blinks! x4
The cyclops blinks!
You feel a strange sense of stasis.
The skeletal warrior hits you with a +0 mace!!
* * * LOW HITPOINT WARNING * * *
The skeletal warrior hits you from afar with a +0 halberd.
* * * LOW HITPOINT WARNING * * *
There is a dispersal trap, spattered with blood here.
The skeletal warrior enters a dispersal trap!
The skeletal warrior blinks! x3; You feel a strange sense of stasis.
The skeletal warrior blinks!
You block the skeletal warrior's attack.
Items here: ( )) †.
Really walk into that dispersal trap?
You enter a dispersal trap!
The skeletal warrior blinks! x5
You feel a strange sense of stasis.
The skeletal warrior hits you with a +0 dire flail!
You die...

......#### #####...
.........## ##...#.#
..##..#...#######......###
...#..#...................
...#.......{....C...z..#
...##.######## #z#)..#.##
..###.####### ##.##)#...#
####...##...###zz.#Z#.#.#
#.............@))...#
##...##.§.###.....§.#
#####.####### ##§#.####
.<.##.# #.#)...# ##.##.#
#.###))# ##.#### #.. #..#
##.# ### #.§.$ ...# #....#
...# #C#.##


You could see 3 skeletal warriors and a wolf spider simulacrum.

Vanquished Creatures
  Louise (D:14)
  4 dire elephants (Lair:6)
  The ghost of Gilette the Photosynthesist, a journeyman HOFi of Fedhas (D:12)
  A fire dragon (D:14)
  A yaktaur captain (D:14)
  Fannar (D:10)
  11 hydras
  An ogre mage (D:15)
  A boulder beetle (D:11)
  3 centaur warriors
  A death knight (D:11)
  The ghost of Iidacon the Grappler, a novice TrFi of Wu Jian (D:2)
  7 two-headed ogres
  3 death yaks (Lair:3)
  Sonja (D:10)
  3 orc high priests (Orc:2)
  3 skeletal warriors (D:13)
  Amaemon (Lair:3)
  A spectral anaconda (Lair:6)
  2 spectral death yaks (Lair:6)
  6 orc knights
  An obsidian statue (Lair:6)
  A phantasmal warrior (D:10)
  6 orc sorcerers
  4 necromancers (Lair:6)
  3 deep elf pyromancers
  7 ugly things
  A manticore (D:14)
  6 cyclopes
  6 slime creatures
  23 elephants
  9 black mambas
  Maurice (D:10)
  3 torpor snails (Lair:1)
  An orange demon (Lair:3)
  A dire elephant skeleton (Lair:6)
  2 unseen horrors
  16 komodo dragons
  3 yaktaurs
  14 cane toads
  5 rime drakes
  The ghost of TheWayOfAllFlesh the Chopper, an amateur HOMo (D:4)
  3 polar bears
  6 trolls
  2 spectral elephants (Lair:6)
  2 hornets (Lair:6)
  8 blink frogs (Lair:1)
  6 dream sheep (Lair:6)
  2 shadows
  2 spriggans (Lair:6)
  A culicivora (Lair:2)
  56 yaks
  A water elemental (D:14)
  5 wraiths
  A dire elephant simulacrum (Lair:6)
  6 basilisks
  2 wyverns
  4 vampire mosquitoes
  3 steam dragons
  3 wargs
  3 acid dragons
  13 water moccasins
  23 orc warriors
  A swamp drake (D:11)
  A black bear (shapeshifter) (D:15)
  An elephant zombie (Lair:6)
  2 sky beasts (D:7)
  7 ogres
  15 wolves
  6 black bears
  6 centaurs
  A boggart (Lair:6)
  An elephant skeleton (Lair:6)
  A phantom (D:5)
  7 kobold brigands
  10 scorpions
  13 bullfrogs
  2 gnoll sergeants
  A cane toad simulacrum (Lair:6)
  5 wights (D:7)
  12 killer bees
  A lava snake (D:15)
  An electric eel (D:6)
  5 howler monkeys
  3 centaur zombies (Ossuary)
  A crimson imp (Orc:1)
  2 human zombies (Ossuary)
  2 hounds
  3 jellies
  21 orc priests
  A gnoll shaman (Orc:1)
  An iron imp (Orc:1)
  6 iguanas
  Ijyb (D:4)
  4 scorpion zombies (Ossuary)
  24 orc wizards
  3 mummies (Ossuary)
  25 gnolls
  11 adders
  2 river rats (Sewer)
  4 shadow imps
  2 white imps
  An ufetubus (D:6)
  8 worms
  3 dart slugs
  69 orcs
  14 ball pythons
  16 endoplasms
  3 giant cockroaches
  10 hobgoblins
  5 jackals
  20 kobolds
  6 bats
  5 frilled lizards
  2 gnoll zombies (Ossuary)
  6 goblins
  2 goblin zombies (Ossuary)
  2 hobgoblin zombies (Ossuary)
  4 kobold zombies (Ossuary)
  An orc zombie (Ossuary)
  6 rats
  2 butterflies (Lair:5)
720 creatures vanquished.

Vanquished Creatures (others)
  A scorpion (D:8)
  An orc (D:8)
  8 bushes (D:11)
  74 fungi
  108 plants
  31 withered plants (Lair:6)
223 creatures vanquished.

Grand Total: 943 creatures vanquished

Notes
Turn   | Place    | Note
-------+----------+-------------------------------------------
     0 | Abyss:1  | Colgate the Formicid Abyssal Knight began the quest for the
                  | Orb.
     0 | Abyss:1  | Reached XP level 1. HP: 18/18 MP: 2/2
    61 | D:1      | Escaped the Abyss
   209 | D:1      | Reached XP level 2. HP: 19/24 MP: 3/3
   419 | D:1      | Reached XP level 3. HP: 26/29 MP: 4/4
   436 | D:1      | Reached ** piety under Lugonu
   814 | D:1      | Found a faded altar of an unknown god.
   857 | D:2      | Found the +9 staff of Olgreb {rPois∞}
  1183 | D:2      | Reached XP level 4. HP: 34/35 MP: 5/5
  1665 | D:2      | Reached XP level 5. HP: 41/41 MP: 6/6
  2147 | D:3      | Reached skill level 5 in Polearms
  2206 | D:3      | Found a glowing drain.
  2214 | Sewer    | Entered a sewer
  2543 | Sewer    | Noticed a kobold brigand
  2554 | Sewer    | Killed a kobold brigand
  2555 | Sewer    | Reached XP level 6. HP: 47/47 MP: 3/7
  2964 | Sewer    | Reached *** piety under Lugonu
  3212 | Sewer    | Reached XP level 7. HP: 44/52 MP: 4/8
  4975 | D:3      | Reached XP level 8. HP: 58/58 MP: 2/9
  5352 | D:3      | Identified the +6 short sword of Bodily Humours {drain,
                  | Int+2}
  5765 | D:4      | Found a sand-covered staircase.
  5772 | Ossuary  | Entered an ossuary
  6182 | Ossuary  | Reached **** piety under Lugonu
  6263 | Ossuary  | Reached skill level 10 in Polearms
  6518 | Ossuary  | Reached XP level 9. HP: 64/64 MP: 3/10
  6771 | D:4      | Noticed Ijyb
  6779 | D:4      | Killed Ijyb
  7161 | D:4      | Found a runed translucent door.
  7170 | D:4      | Noticed TheWayOfAllFlesh's ghost (amateur HOMo)
  7664 | D:5      | Entered Level 5 of the Dungeon
  8028 | D:5      | Found a glowing golden altar of the Shining One.
  8289 | D:5      | Found a snail-covered altar of Cheibriados.
  8662 | D:6      | Reached skill level 3 in Invocations
  8770 | D:6      | Reached skill level 4 in Invocations
  9163 | D:6      | Reached skill level 5 in Invocations
  9362 | D:6      | Noticed a troll
  9381 | D:6      | Reached skill level 6 in Invocations
  9381 | D:6      | Reached XP level 10. HP: 54/70 MP: 14/14
  9405 | D:6      | Reached skill level 7 in Invocations
  9911 | D:7      | Reached skill level 8 in Invocations
 10502 | D:7      | Found a staircase to the Ecumenical Temple.
 10627 | D:7      | Reached ***** piety under Lugonu
 10974 | D:8      | Found a shadowy altar of Dithmenos.
 11217 | D:8      | Found a staircase to the Lair.
 11247 | D:8      | Found a runed translucent door.
 11266 | D:8      | Noticed Iidacon's ghost (novice TrFi)
 11573 | D:8      | Found an ornate altar of the Wu Jian Council.
 11668 | D:8      | Found an ornate altar of the Wu Jian Council.
 11691 | D:8      | Found a shadowy altar of Dithmenos.
 11721 | D:8      | Found a staircase to the Lair.
 12221 | D:4      | Killed TheWayOfAllFlesh's ghost
 12921 | D:9      | Reached XP level 11. HP: 66/75 MP: 17/17
 13886 | D:10     | Entered Level 10 of the Dungeon
 14156 | D:10     | Noticed Sonja
 14166 | D:10     | Killed Sonja
 14167 | D:10     | Reached skill level 9 in Invocations
 14354 | D:10     | Noticed Fannar
 14417 | D:10     | Found a runed translucent gate.
 14417 | D:10     | Found a runed translucent gate.
 14417 | D:10     | Found a runed translucent gate.
 14417 | D:10     | Noticed a green ugly thing
 14417 | D:10     | Noticed a cyan ugly thing
 14417 | D:10     | Noticed a purple ugly thing
 14418 | D:10     | Noticed a brown ugly thing
 14418 | D:10     | Noticed a purple ugly thing
 14437 | D:10     | Noticed Maurice
 14451 | D:10     | Reached skill level 5 in Evocations
 14453 | D:10     | Killed Maurice
 14454 | D:10     | Reached skill level 10 in Invocations
 14863 | D:10     | Killed Fannar
 14864 | D:10     | Reached skill level 11 in Invocations
 15711 | D:11     | Found a transporter.
 15711 | D:11     | Noticed Gilette's ghost (journeyman HOFi)
 15712 | D:11     | Noticed a cyclops
 15721 | D:11     | Noticed a two-headed ogre
 15753 | D:11     | Found a transporter.
 15786 | D:11     | Noticed a boulder beetle
 16022 | D:11     | Killed a boulder beetle
 16023 | D:11     | Reached skill level 12 in Invocations
 16354 | D:11     | Found a staircase to the Orcish Mines.
 16426 | D:11     | Reached XP level 12. HP: 75/81 MP: 6/21
 16587 | D:11     | Noticed a two-headed ogre
 16622 | D:11     | Killed a two-headed ogre
 16623 | D:11     | Reached skill level 5 in Armour
 16937 | D:11     | Noticed a death knight
 16979 | D:11     | Killed a death knight
 17065 | D:11     | Noticed an eight-headed hydra
 17171 | D:11     | Banished an eight-headed hydra
 17241 | D:11     | Noticed a two-headed ogre
 17256 | D:11     | Killed a two-headed ogre
 17320 | D:10     | Reached skill level 15 in Polearms
 17465 | D:11     | Noticed a centaur warrior
 17473 | D:11     | Noticed an orc warlord
 17483 | D:11     | Killed a centaur warrior
 17651 | D:11     | Banished an orc warlord
 18124 | D:12     | Noticed a seven-headed hydra
 18125 | D:12     | Banished a seven-headed hydra
 18128 | D:12     | Noticed an eight-headed hydra
 18131 | D:12     | Banished an eight-headed hydra
 18587 | D:10     | Found a runed translucent gate.
 18588 | D:10     | Found a runed translucent gate.
 18589 | D:10     | Found a runed translucent gate.
 21870 | D:11     | Found a staircase to the Orcish Mines.
 21952 | D:11     | Found a transporter.
 21956 | D:11     | Found a transporter.
 22300 | D:12     | Noticed a two-headed ogre
 23013 | D:2      | Killed Iidacon's ghost
 23314 | D:12     | Noticed a boulder beetle
 23320 | D:12     | Banished a boulder beetle
 23321 | D:12     | Reached XP level 13. HP: 74/86 MP: 16/22
 23354 | D:12     | Reached skill level 13 in Invocations
 23917 | D:12     | Noticed a six-headed hydra
 23919 | D:12     | Banished a six-headed hydra
 23930 | D:12     | Reached skill level 14 in Invocations
 24621 | Lair:1   | Entered Level 1 of the Lair of Beasts
 24979 | Lair:1   | Reached skill level 15 in Invocations
 25238 | Lair:1   | Reached skill level 5 in Fighting
 25450 | Lair:1   | Found a snail-covered altar of Cheibriados.
 25913 | Lair:1   | Noticed a five-headed hydra
 25914 | Lair:1   | Banished a five-headed hydra
 26293 | Lair:1   | Found a snail-covered altar of Cheibriados.
 26682 | Lair:2   | Noticed a four-headed hydra
 26828 | Lair:2   | Found a hole to the Spider Nest.
 27327 | Lair:2   | Banished a four-headed hydra
 27430 | Lair:2   | Reached XP level 14. HP: 74/105 MP: 2/25
 27439 | Lair:2   | Reached skill level 1 in Shields
 28364 | Lair:2   | Found a hole to the Spider Nest.
 28954 | Lair:3   | Noticed Amaemon
 28987 | Lair:3   | Killed Amaemon
 29936 | Lair:3   | Reached skill level 16 in Invocations
 31308 | Lair:4   | Found a staircase to the Shoals.
 32893 | Lair:4   | Found a staircase to the Shoals.
 33043 | Lair:5   | Reached skill level 17 in Invocations
 34690 | Lair:5   | Got Sif Muna's Grimoire of Hurtful Black Arts
 34834 | Lair:6   | Entered Level 6 of the Lair of Beasts
 35072 | Lair:6   | Reached XP level 15. HP: 95/110 MP: 27/27
 35217 | Lair:6   | Found a runed translucent door.
 35219 | Lair:6   | Noticed TheWayOfAllFlesh's ghost (journeyman DEFE)
 35239 | Lair:6   | Reached skill level 1 in Dodging
 35584 | Lair:6   | Reached skill level 10 in Armour
 35708 | Lair:6   | Identified the +3 spear "Iplab" {protect, *Corrode rN++
                  | Int+3}
 35812 | Lair:6   | Reached skill level 5 in Shields
 37032 | Lair:6   | Found a runed translucent door.
 37032 | Lair:6   | Found a viscous altar of Jiyva.
 37115 | Lair:6   | Reached skill level 10 in Fighting
 37191 | Lair:6   | Found a staircase to the Slime Pits.
 37936 | Lair:6   | Reached skill level 18 in Invocations
 38008 | Lair:6   | Reached skill level 1 in Stealth
 40118 | Lair:6   | Found a viscous altar of Jiyva.
 40125 | Lair:6   | Found a staircase to the Slime Pits.
 40822 | Lair:6   | Reached skill level 19 in Invocations
 40839 | Lair:6   | Banished TheWayOfAllFlesh's ghost
 41378 | Lair:6   | Got Kikubaaqudgh's Collected Works on Dark Arts
 42028 | D:12     | Reached XP level 16. HP: 122/122 MP: 16/29
 42502 | D:12     | Killed Gilette's ghost
 42644 | Orc:1    | Entered Level 1 of the Orcish Mines
 42794 | Orc:1    | Found Wuuttum's Book Shoppe.
 43174 | Orc:1    | Reached skill level 20 in Invocations
 43657 | Orc:1    | Identified the +1 hat of the Morning Star {Int+4}
 43881 | Orc:2    | Entered Level 2 of the Orcish Mines
 45615 | Orc:2    | Found Ranuin's Armour Shoppe.
 45663 | Orc:2    | Found a staircase to the Elven Halls.
 47157 | Orc:2    | Found Mumenos's Antique Weapon Emporium.
 47162 | Orc:2    | Found Elilohiz's Book Shop.
 47403 | Orc:2    | Found Hempueby's Magic Scroll Emporium.
 47404 | Orc:2    | Found Diapream's Jewellery Shop.
 47425 | Orc:2    | Bought a scroll of acquirement for 624 gold pieces
 47597 | Orc:2    | Acquired the amulet "Aheqit" {rElec rN+ Regen+ MP-9 Dex+5}
 47697 | Orc:2    | Bought a scroll of summoning for 114 gold pieces
 47697 | Orc:2    | Bought a scroll of silence for 90 gold pieces
 47697 | Orc:2    | Bought a scroll of fear for 42 gold pieces
 47709 | Orc:2    | Bought a steaming hand crossbow for 178 gold pieces
 47709 | Orc:2    | Identified the +2 hand crossbow of Cisaudel {speed, Contam
                  | rN+ Int+3} (You bought it in a shop on level 2 of the
                  | Orcish Mines)
 47882 | D:13     | Found Lueddu's Antique Armour Emporium.
 48248 | D:13     | Bought a shiny plate armour for 754 gold pieces
 48904 | D:14     | Noticed Louise
 48951 | D:14     | Killed Louise
 49136 | D:14     | Found a gate to the Vaults.
 50250 | D:15     | Entered Level 15 of the Dungeon
 50401 | D:14     | Found a gate to the Vaults.
 51293 | D:15     | HP: 2/125 [wolf spider simulacrum (19)]
 51321 | D:15     | HP: 4/125 [skeletal warrior/+0 halberd[a skeletal warrior]
                  | (4)]
 51323 | D:15     | Mangled by a skeletal warrior

Illustrated notes

Levels and vault maps discovered:
D:1:      dpeg_arrival_orchard, layout_rooms, ebering_ecumenical_altar_box,
          grunt_decor_cap, nrook_loot_triangle, serial_bayou_pond_a
D:2:      cheibrodos_helix_gallery, layout_basic
D:3:      layout_basic, cheibrodos_sewer_entry_bend
D:4:      layout_rooms, serial_co_window_serial, co_window_paths_b,
          co_window_corner_a, co_window_paths_a, co_window_paths_a,
          co_window_paths_a, co_window_corner_b, co_window_corner_b,
          co_window_cross_2, co_window_broadway_c, co_window_cross_3,
          co_window_4corner_b, co_window_paths_e, glass_columns_a,
          glass_columns_c, nicolae_ossuary_entry_ruins,
          ebering_ghost_reflecting_pool, uniq_ijyb
D:5:      layout_loops_cross, chequers_temple_overflow_statue_of_worship
D:6:      layout_loops_ring, nicolae_water_bricks, wad_floor_pattern_1
D:7:      layout_loops_cross, minmay_temple_entry_poolview
D:8:      layout_rooms, general_overflow_altar, nicolae_overflow_hidden_temple,
          grunt_lair_entry_orc_guard_hut, hellmonk_ghost_happy_afterlife
D:9:      layout_basic, serial_corexii_hall, corexii_hall_statues_i,
          corexii_hall_statues_deadend
D:10:     layout_stronghold, ploomutoo_gammafunk_ghost_potion_laboratory,
          chequers_serial_rivers_small_a, uniq_maurice, uniq_fannar, uniq_sonja
D:11:     layout_rooms, erik_orc_3, gammafunk_ghost_arena, minmay_hedge_maze,
          wad_scary_box
D:12:     layout_rooms, minmay_diced_spiral
D:13:     layout_loops_ring, serial_shops, nicolae_stop_n_shop_1
D:14:     layout_gridville, david_vaults_2, hangedman_decor_riveting,
          minivault_19, uniq_louise
D:15:     grunt_enter_depths_snipers, layout_loops_ring, nicolae_lava_and_water,
          trove_entry_hex_spiral
Lair:1:   layout_chaotic_city, st_stairs_3, chequers_serial_rivers_marsh,
          kennysheep_snail_temple, grunt_megastairs_3,
          infiniplex_staircase_pool_2
Lair:2:   layout_chaotic_city, spider_nest_entry_rubble, serial_bayou_shore_b,
          grunt_megastairs_5
Lair:3:   cheibrodos_lair_river_kwai, layout_chaotic_city, grunt_megastairs_4,
          uniq_amaemon
Lair:4:   layout_regular_city, elwin_shoals_entry_rocks
Lair:5:   layout_regular_city, eino_small_chamber_without_monster,
          lemuel_fruit_fields, serial_bayou_shore_a
Lair:6:   due_jungle_book, layout_gridlike, slime_altar_2,
          ebering_ghost_funeral_grove, lemuel_fruit_tree, serial_bayou_shore_b
Orc:1:    layout_caves, serial_shops, shop, hangedman_minor_magic
Orc:2:    st_orc_elflike, layout_caves, serial_shops, nicolae_lakefront_shop,
          basic_altar

Skill      XL: |  1  2  3  4  5  6  7  8  9 10 11 12 13 14 15 16 |
---------------+-------------------------------------------------+-----
Polearms       | 3 4 6 8 10 12 13 14 16 | 16.6
Evocations     | 2 3 5 6 9 |  9.0
Invocations    | 6 8 12 15 17 19 20 | 20.0
Armour         | 3 4 6 8 9 10 11 | 11.0
Fighting       | 8 10 11 | 11.0
Shields        | 3 5 |  5.1
Dodging        | 2 3 |  3.1
Stealth        | 4 |  4.0

Action                   |  1- 3 |  4- 6 |  7- 9 | 10-12 | 13-15 | 16-18 || total
-------------------------+-------+-------+-------+-------+-------+-------++-------
Melee: Spear             |   109 |    83 |       |       |       |       ||   192
       Punch             |     1 |     3 |       |       |       |       ||     4
       Halberd           |       |    31 |   177 |   195 |   520 |   401 ||  1324
       Staff             |       |       |     4 |     3 |    21 |    12 ||    40
       Trident           |       |       |       |       |   148 |    46 ||   194
Invok: Bend Space        |       |       |    20 |   154 |   383 |    48 ||   605
       Banish            |       |       |       |    14 |     9 |     3 ||    26
 Abil: Evoke the Staff o |       |    16 |   117 |   223 |   356 |   167 ||   879
       Dig               |       |     1 |     1 |     1 |     1 |     2 ||     6
Evoke: Lightning rod     |       |       |       |       |     3 |       ||     3
  Use: Scroll            |       |     1 |    14 |    10 |     9 |     2 ||    36
       Potion            |       |       |       |     3 |       |     2 ||     5
 Stab: Confused          |       |       |       |     2 |     7 |     1 ||    10
       Paralysed         |       |       |       |       |       |     2 ||     2
Armor: Plate armour      |    16 |    29 |   105 |    14 |       |   104 ||   268
       Chain mail        |    24 |       |       |    37 |   116 |    55 ||   232
       Troll leather arm |       |       |       |     4 |       |       ||     4
Dodge: Dodged            |    22 |    35 |    55 |    71 |   248 |   255 ||   686
Block: Buckler           |       |       |       |       |    62 |   100 ||   162

Table legend: (Time is in decaauts)
 A = Elapsed time spent in this place.
 B = Non-inter-level travel time spent in this place.
 C = Inter-level travel time spent in this place.
 D = Time resting spent in this place.
 E = Time spent auto-exploring this place.
 F = Levels seen in this place.
 G = Mean time per level.
                   A        B        C        D        E       F      G
               +--------+--------+--------+--------+--------+-----+--------+
         Total |  51054 |  48022 |   3032 |   3275 |  32782 |  26 | 1963.6 |
       Dungeon |  26206 |  24423 |   1783 |   1011 |  17213 |  15 | 1747.1 |
          Lair |  16657 |  15679 |    978 |    118 |  11410 |   6 | 2776.2 |
  Orcish Mines |   4772 |   4502 |    270 |   1819 |   1807 |   2 | 2386.0 |
         Abyss |     61 |     61 |      0 |      0 |     53 |   1 |   61.0 |
         Sewer |   2446 |   2446 |      0 |    158 |   1900 |   1 | 2446.0 |
       Ossuary |    909 |    909 |      0 |    167 |    398 |   1 |  909.0 |
               +--------+--------+--------+--------+--------+-----+--------+

Top non-repeatable levels by time:
  Lair:6: 6210 daAuts
    D:10: 4623 daAuts
    D:11: 3764 daAuts
   Orc:2: 3016 daAuts
  Lair:4: 2539 daAuts
   Sewer: 2446 daAuts
  Lair:1: 2371 daAuts
     D:9: 2286 daAuts
    D:12: 2096 daAuts
  Lair:3: 2086 daAuts
  Lair:2: 1949 daAuts
   Orc:1: 1756 daAuts
     D:8: 1672 daAuts
     D:2: 1541 daAuts
     D:3: 1528 daAuts
